 Dungeon Crawl Stone Soup version 0.22.1-1-ga44c0e56f4 (webtiles) character file.

4486 Peloso the Carver (level 10, -5/89 HPs)
             Began as a Minotaur Fighter on Oct 13, 2018.
             Was a Believer of Okawaru.
             Slain by Psyche
             ... wielding a +0 dagger of chaos
              (14 damage)
             ... while paralysed by Psyche
             ... on level 8 of the Dungeon.
             The game lasted 00:17:14 (6664 turns).

Peloso the Carver (Minotaur Fighter)                Turns: 6664, Time: 00:17:14

Health: -5/89      AC: 18    Str: 22    XL:     10   Next: 16%
Magic:  9/9        EV:  2    Int:  5    God:    Okawaru [**....]
Gold:   247        SH:  0    Dex: 12    Spells: 9/9 levels left

rFire    . . .     SeeInvis .   a - +0 long sword
rCold    . . .     Gourm    .   c - +0 shield
rNeg     + . .     Faith    .   b - +0 plate armour
rPois    +         Spirit   .   (helmet restricted)
rElec    .         Reflect  .   u - +2 cloak {MR+}
rCorr    .         Harm     .   h - +1 pair of gloves
MR       +....                  (no boots)
Stlth    ..........             (no amulet)
HPRegen  0.24/turn              l - ring of positive energy
MPRegen  0.11/turn              r - ring of poison resistance

@: paralysed, hasted and slowed, drained
A: retaliatory headbutt, horns 2
a: Heroism, Renounce Religion


You were on level 8 of the Dungeon.
You worshipped Okawaru.
Okawaru was pleased with you.
You were hungry.

You visited 2 branches of the dungeon, and saw 9 of its levels.

You collected 359 gold pieces.
You spent 112 gold pieces at shops.

Inventory:

Hand Weapons
 a - a +0 long sword (weapon)
Armour
 b - a +0 plate armour (worn)
 c - a +0 shield (worn)
 h - a +1 pair of gloves (worn)
 u - a +2 cloak of magic resistance (worn)
Jewellery
 l - a ring of positive energy (left hand)
 r - a ring of poison resistance (right hand)
Wands
 g - a wand of random effects (35)
 w - a wand of flame (27)
 z - a wand of polymorph (21)
Scrolls
 e - a scroll of fog {unknown}
 j - 5 scrolls of identify
 n - 2 scrolls of teleportation
 p - a scroll of noise {unknown}
 t - 7 scrolls of remove curse
 x - a scroll of fear {unknown}
 y - 2 scrolls of enchant armour {unknown}
 A - 3 scrolls of amnesia {unknown}
 B - 2 scrolls of immolation {unknown}
 C - a scroll of random uselessness {unknown}
Potions
 d - 3 potions of might
 i - 2 potions of flight
 k - 2 potions of curing
 m - 2 potions of brilliance {unknown}
 o - 3 potions of magic {unknown}
 q - 2 potions of haste {unknown}
 s - a potion of heal wounds {unknown}
 v - a potion of agility {unknown}
Comestibles
 f - 12 rations


   Skills:
 + Level 8.3(7.8) Fighting
 + Level 11.2(10.7) Long Blades
 + Level 7.8(7.3) Armour
 + Level 2.6(2.2) Dodging
 + Level 0.2(0.0) Stealth
 + Level 9.4(8.9) Shields
 + Level 1.0(0.6) Evocations


You had 9 spell levels left.
You didn't know any spells.
Your spell library contained the following spells:

 Spells                   Type           Power        Failure   Level  Hunger
 Confusing Touch          Hex            #.....       100%        1    ##.....
 Corona                   Hex            #......      100%        1    ##.....
 Confuse                  Hex            #.......     100%        3    ####...
 Gell's Gravitas          Tloc           #.........   100%        3    ####...
 Petrify                  Tmut/Erth      #.......     100%        4    #####..
 Metabolic Englaciation   Hex/Ice        #.........   100%        5    ######.
 Yara's Violent Unravell  Hex/Tmut       #.........   100%        5    ######.


Dungeon Overview and Level Annotations

Branches:
Dungeon (8/15)             Temple (1/1) D:4
   Lair: D:8-11

Altars:
Ashenzari
Cheibriados
Dithmenos
Elyvilon
Fedhas
Gozag
Hepliaklqana
Kikubaaqudgha
Makhleb
Nemelex Xobeh
Okawaru
Qazlal
Ru
Sif Muna
Trog
Uskayaw
Vehumet
Wu Jian
Xom
Yredelemnul
Zin
The Shining One

Shops:
D:4 }   D:6 ?

Annotations:
D:4 1 runed door
D:5 3 runed doors, Cykl0x's ghost, novice GrBe
D:7 2 transporters
D:8 Psyche


Innate Abilities, Weirdness & Mutations

You reflexively headbutt those who attack you in melee.
You have a pair of horns on your head.


Message History

You feel better. Something hits you.
* * * LOW HITPOINT WARNING * * *
You feel yourself speed up.
The scorpion stings you but does no damage.
Something completely misses you.
You hit something. Something hits you but does no damage.
The scorpion stings you but does no damage.
Unknown command.
You miss something. Something hits you but does no damage.
You suddenly lose the ability to move!
Something hits you but does no damage. You partially resist.
You feel drained.
The scorpion stings you but does no damage.
Something hits you but does no damage. x2
The scorpion stings you but does no damage.
Something hits you but does no damage. Something hits you.
* * * LOW HITPOINT WARNING * * *
You partially resist.
You feel drained.
The scorpion stings you but does no damage.
Something hits you but does no damage.
You are electrocuted!
You die...

...... #..............
...... #..............
...... #..............
>.####+#..............
..###.................
....#...<.....########
....#.........'...#
....#.........#.†.#
....#.........#{@.#
....#.........#s###
#####............
...............
..............$.
................
............
.............


You could see a scorpion.

Vanquished Creatures
  A two-headed ogre (D:8)
  Maurice (D:8)
  Grinder (D:6)
  Duvessa (D:6)
  2 sky beasts
  A black bear (D:7)
  2 ogres
  5 centaurs
  A big kobold (D:6)
  Blork the orc (D:5)
  A bullfrog (D:7)
  A wyvern zombie (D:7)
  3 scorpions (D:7)
  Dowan (D:6)
  6 killer bees (D:8)
  2 howler monkeys (D:5)
  5 crimson imps
  4 hounds
  7 orc priests
  A bullfrog skeleton (D:5)
  A jelly (D:7)
  2 centaur skeletons
  Crazy Yiuf (D:3)
  5 iguanas
  6 orc wizards
  12 worker ants
  A hound zombie (D:5)
  A hound skeleton (D:7)
  A worker ant zombie (D:5)
  8 adders
  5 gnolls
  A howler monkey skeleton (D:4)
  2 shadow imps
  An ooze (D:2)
  2 worms
  2 adder skeletons (D:7)
  An adder zombie (D:7)
  2 dart slugs
  12 leopard geckos
  26 orcs
  4 bats
  2 giant cockroaches
  4 goblins
  3 hobgoblins
  6 jackals
  5 quokkas
  2 frilled lizards
  24 kobolds
  A quokka skeleton (D:4)
  5 plants (D:6)
195 creatures vanquished.

Vanquished Creatures (others)
  2 orc wizards (D:7)
2 creatures vanquished.

Grand Total: 197 creatures vanquished

Notes
Turn   | Place    | Note
-------+----------+-------------------------------------------
     0 | D:1      | Peloso the Minotaur Fighter began the quest for the Orb.
     0 | D:1      | Reached XP level 1. HP: 19/19 MP: 0/0
   171 | D:1      | Reached XP level 2. HP: 25/27 MP: 1/1
   485 | D:2      | Found an opulent altar of Gozag.
  1029 | D:3      | Found a runed door.
  1047 | D:3      | Reached skill level 3 in Long Blades
  1047 | D:3      | Reached XP level 3. HP: 33/33 MP: 2/2
  1335 | D:3      | Reached XP level 4. HP: 39/41 MP: 3/3
  1577 | D:3      | Noticed Crazy Yiuf
  1584 | D:3      | Killed Crazy Yiuf
  1584 | D:3      | Reached skill level 4 in Long Blades
  1630 | D:4      | Reached skill level 5 in Fighting
  1630 | D:4      | Reached XP level 5. HP: 27/48 MP: 4/4
  2134 | D:4      | Found Obushrepu's Gadget Emporium.
  2154 | D:4      | Found a staircase to the Ecumenical Temple.
  2193 | Temple   | Entered the Ecumenical Temple
  2559 | D:4      | Reached skill level 5 in Long Blades
  2579 | D:4      | Reached XP level 6. HP: 54/56 MP: 5/5
  2689 | D:4      | Found a glowing golden altar of the Shining One.
  2690 | D:4      | Noticed an angel
  2696 | D:4      | Found a runed door.
  2957 | D:4      | Found a shimmering altar of Xom.
  3028 | D:5      | Entered Level 5 of the Dungeon
  3040 | D:5      | Reached skill level 5 in Armour
  3043 | D:5      | Reached skill level 6 in Long Blades
  3093 | D:5      | Reached XP level 7. HP: 55/63 MP: 6/6
  3293 | D:5      | Noticed Blork the orc
  3308 | D:5      | Killed Blork the orc
  3308 | D:5      | Reached skill level 1 in Dodging
  3393 | D:5      | Reached skill level 5 in Shields
  3447 | D:5      | Found a runed gate.
  3447 | D:5      | Found a runed gate.
  3450 | D:5      | Found a runed gate.
  3472 | D:5      | Noticed Cykl0x's ghost (novice GrBe)
  3815 | D:5      | Reached skill level 7 in Long Blades
  3828 | D:5      | Reached XP level 8. HP: 36/70 MP: 7/7
  4261 | D:6      | Reached skill level 8 in Long Blades
  4318 | D:6      | Noticed Dowan
  4321 | D:6      | Noticed Duvessa
  4341 | D:6      | Killed Dowan
  4346 | D:6      | Killed Duvessa
  4789 | D:6      | Found an iron altar of Okawaru.
  4809 | D:6      | Reached skill level 9 in Long Blades
  4809 | D:6      | Reached XP level 9. HP: 70/79 MP: 8/8
  4831 | D:6      | Noticed Grinder
  4848 | D:6      | Killed Grinder
  4875 | D:6      | Became a worshipper of Warmaster Okawaru
  5009 | D:6      | Found Oplall's Magic Scroll Shop.
  5017 | D:6      | Bought a scroll of identify for 28 gold pieces
  5017 | D:6      | Bought a scroll of remove curse for 42 gold pieces
  5017 | D:6      | Bought a scroll of teleportation for 42 gold pieces
  5423 | D:7      | Found a transporter.
  5438 | D:7      | Found a transporter.
  5897 | D:7      | Reached skill level 10 in Long Blades
  5946 | D:7      | Found a deep blue altar of Sif Muna.
  5968 | D:7      | Identified Sif Muna's Collected Works on Beguiling
  6158 | D:7      | Reached * piety under Okawaru
  6465 | D:8      | Noticed Maurice
  6483 | D:8      | Killed Maurice
  6560 | D:8      | Noticed a two-headed ogre
  6577 | D:8      | Killed a two-headed ogre
  6577 | D:8      | Reached skill level 11 in Long Blades
  6577 | D:8      | Reached skill level 1 in Evocations
  6577 | D:8      | Reached XP level 10. HP: 69/89 MP: 6/9
  6578 | D:8      | Reached ** piety under Okawaru
  6624 | D:8      | Noticed Psyche
  6658 | D:8      | HP: 3/89 [something/puff of flame (7)]
  6661 | D:8      | Paralysed by something for 5 turns
  6664 | D:8      | Slain by Psyche

Skill      XL: |  1  2  3  4  5  6  7  8  9 |
---------------+----------------------------+-----
Armour         | 4 5 6 7 |  7.8
Fighting       | 4 5 6 7 8 |  8.3
Long Blades    | 3 4 5 6 7 9 11 | 11.2
Shields        | 4 6 7 9 |  9.4
Dodging        | 1 2 |  2.6
Evocations     | 1 |  1.0
Stealth        | |  0.2

Action                   |  1- 3 |  4- 6 |  7- 9 | 10-12 || total
-------------------------+-------+-------+-------+-------++-------
Melee: Long sword        |    60 |   113 |   481 |    40 ||   694
       Headbutt          |    12 |    29 |   122 |     6 ||   169
Invok: Heroism           |       |       |     1 |       ||     1
Evoke: Wand              |       |       |    11 |       ||    11
  Use: Potion            |       |       |     2 |     2 ||     4
       Scroll            |       |       |     2 |     1 ||     3
  Eat: Chunk             |     1 |     6 |     8 |       ||    15
       Ration            |       |       |     1 |       ||     1
Armor: Scale mail        |    25 |       |       |       ||    25
       Chain mail        |       |    74 |   136 |       ||   210
       Plate armour      |       |       |    67 |    70 ||   137
Dodge: Dodged            |    28 |    20 |    90 |    23 ||   161
Block: Shield            |    41 |    58 |   235 |    47 ||   381
       Rpst.: Long sword |     7 |     4 |    16 |     5 ||    32
